 Dungeon Crawl Stone Soup version 0.29-a0-322-g68df515428 (webtiles) character file.

Game seed: 7131852844451803106

2200 pascalblue the Frost Mage (level 9, -9/45 HPs)
             Began as a Deep Elf Ice Elementalist on Apr 5, 2022.
             Was an Initiate of Sif Muna.
             Mangled by a boulder beetle (46 damage)
             ... on level 7 of the Dungeon.
             The game lasted 00:21:06 (5750 turns).

pascalblue the Frost Mage (DEIE)                    Turns: 5750, Time: 00:21:06

Health: -9/45      AC: 14    Str:  5    XL:     9   Next: 12%
Magic:  16/23      EV: 12    Int: 25    God:    Sif Muna [......]
Gold:   305        SH:  0    Dex: 15    Spells: 9/25 levels left

rFire   . . .      SeeInvis .   u - +8 hand axe of Classification {freeze, rN+}
rCold   . . .      Faith    .   (no shield)
rNeg    + . .      Spirit   .   a - +0 robe
rPois   .          Reflect  .   f - +0 helmet
rElec   .          Harm     .   (no cloak)
rCorr   .          Rampage  .   v - +0 pair of gloves
Will    .....                   h - +0 pair of boots
Stlth   ++........              o - amulet of regeneration
HPRegen 0.95/turn               (no ring)
MPRegen 0.18/turn               (no ring)

@: ice-armoured, freezing walls
A: no striking features
a: Renounce Religion


You were on level 7 of the Dungeon.
You worshipped Sif Muna.
Sif Muna was noncommittal.
You visited 2 branches of the dungeon, and saw 8 of its levels.

You collected 305 gold pieces.

Inventory:

Hand Weapons
 e - a +0 club
 g - a +0 dagger
 i - a +0 rapier
 m - a +1 flail of protection
 n - a +2 spear of venom
 u - the +8 hand axe of Classification (weapon) {freeze, rN+}
   (You found it on level 5 of the Dungeon)

   It freezes those it strikes, dealing additional cold damage.
   It can also slow down cold-blooded creatures.
   rN:        It protects you from negative energy.
Missiles
 d - 327 stones
 q - 4 atropa-tipped darts
 r - 14 poisoned darts (quivered)
Armour
 a - a +0 robe (worn)
 f - a +0 helmet (worn)
 h - a +0 pair of boots (worn)
 t - the +0 ice dragon scales of Conscience {rF- rC++ Str+4 Stlth+}
   (You found it on level 5 of the Dungeon)

   Str:       It affects your strength (+4).
   rF:        It makes you vulnerable to fire.
   rC:        It greatly protects you from cold.
   Stlth:     It makes you more stealthy.
 v - a +0 pair of gloves (worn)
Jewellery
 o - an amulet of regeneration (around neck)
Wands
 y - a wand of paralysis (6)
Scrolls
 k - 2 scrolls of magic mapping
 l - 5 scrolls of teleportation
 s - a scroll of identify
 x - a scroll of amnesia {unknown}
Potions
 b - a potion of magic
 c - a potion of mutation
 j - a potion of invisibility
 p - a potion of degeneration {unknown}
 w - a potion of heal wounds {unknown}
 z - a potion of curing {unknown}


   Skills:
 - Level 2.4 Dodging
 - Level 2.4 Stealth
 + Level 8.7 Spellcasting
 * Level 5.1 Conjurations
 + Level 10.8 Ice Magic
 + Level 0.9 Air Magic


You had 9 spell levels left.
You knew the following spells:

 Your Spells              Type           Power      Damage    Failure   Level
a - Freeze                Ice            100%       1d11      1%          1
b - Frozen Ramparts       Ice            100%       1d12      1%          3
c - Ozocubu's Armour      Ice            60%        N/A       1%          3
d - Hailstorm             Conj/Ice       50%        3d11      1%          4
e - Lightning Bolt        Conj/Air       13%        1d26      41%         5

Your spell library contained the following spells:

 Spells                   Type           Power      Damage    Failure   Level
 Airstrike                Air            7%         N/A       36%         4
 Summon Lightning Spire   Summ/Air       13%        N/A       41%         4


Dungeon Overview and Level Annotations

Branches:
Dungeon (7/15)             Temple (1/1) D:7

Altars:
Ashenzari
Elyvilon
Fedhas
Gozag
Makhleb
Ru
Sif Muna
Trog
Xom
Yredelemnul

Shops:
D:5 (


Message History

Confirm with . or Enter, or press ? or * to list all spells.
Casting: Frozen Ramparts (safe; 1% risk of failure)
Press: ? - help, Dir - look around, f - activate
Okay, then.
Casting: Frozen Ramparts (safe; 1% risk of failure)
Confirm with . or Enter, or press ? or * to list all spells.
A film of ice covers your body!
Casting: Ozocubu's Armour (safe; 1% risk of failure)
Confirm with . or Enter, or press ? or * to list all spells.
Casting: Frozen Ramparts (safe; 1% risk of failure)
Press: ? - help, Dir - look around, f - activate The walls around you are covered in ice.
The wall freezes the boulder beetle!
The wall freezes the boulder beetle.
You hit the boulder beetle. You freeze the boulder beetle.
The boulder beetle is moderately wounded.
The wall freezes the boulder beetle!
The boulder beetle hits you!
The boulder beetle stops rolling and uncurls.
The wall freezes the boulder beetle.
The boulder beetle misses you.
You hit the boulder beetle. You freeze the boulder beetle.
The boulder beetle is heavily wounded.
The wall freezes the boulder beetle.
The boulder beetle bites you.
You hit the boulder beetle but do no damage.
The boulder beetle is heavily wounded.
The wall freezes the boulder beetle!
The boulder beetle bites you but does no damage.
You hit the boulder beetle but do no damage.
The boulder beetle is severely wounded.
The wall freezes the boulder beetle!
The boulder beetle leaps!
The frozen ramparts melt away.
The boulder beetle curls into a ball and begins rolling!
Your icy armour will break if you move.
Continue?
Okay, then.
Casting: Frozen Ramparts (safe; 1% risk of failure)
Confirm with . or Enter, or press ? or * to list all spells.
Casting: Frozen Ramparts (safe; 1% risk of failure)
Press: ? - help, Dir - look around, f - activate The walls around you are covered in ice.
The wall freezes the boulder beetle. x2; The boulder beetle hits you!!!
Ouch! That really hurt!
You die...

##### #.... ######....
########################.........
.................................
.#######################.#.#..#..
.####### #############...#.......
........ .......@B○°.......#.....
.####### ##########........#....#
.....# #....###..#..#. ####.#
#....# #...###. #.# #....#
#....### #.# #....# #....#..
####'## #....# #...#... ......#
######### #....# #.##.... ......#
#.......# #....# #.......


You could see a boulder beetle (rolling).

Vanquished Creatures
  Edmund (D:5)
  A water moccasin (D:7)
  Duvessa (D:5)
  A sky beast (D:5)
  An orc warrior (D:7)
  An ogre (D:6)
  An ice beast (D:7)
  2 centaurs
  Blork the orc (D:6)
  A kobold brigand (D:7)
  A bullfrog (D:7)
  2 scorpions
  Dowan (D:5)
  7 killer bees (D:7)
  A hound (D:5)
  A jelly (D:6)
  A gnoll shaman (D:4)
  2 orc priests
  5 iguanas
  5 orc wizards
  7 gnolls (D:4)
  7 adders
  2 shadow imps
  2 white imps (D:7)
  2 worms
  4 dart slugs
  23 orcs
  4 bats
  13 endoplasms
  3 giant cockroaches
  10 goblins
  9 hobgoblins
  4 jackals (D:5)
  12 kobolds
  6 quokkas
  5 ball pythons
  3 frilled lizards
  3 rats
156 creatures vanquished.

Vanquished Creatures (others)
  3 plants
3 creatures vanquished.

Grand Total: 159 creatures vanquished

Notes
Turn   | Place    | Note
-------+----------+-------------------------------------------
     0 | D:1      | pascalblue the Deep Elf Ice Elementalist began the quest
                  | for the Orb.
     0 | D:1      | Reached XP level 1. HP: 10/10 MP: 6/6
   324 | D:1      | Reached XP level 2. HP: 11/15 MP: 4/8
   509 | D:1      | Reached skill level 5 in Ice Magic
   679 | D:1      | Found a faded altar of an unknown god.
   740 | D:1      | Reached XP level 3. HP: 16/19 MP: 7/10
   784 | D:1      | Learned a level 3 spell: Frozen Ramparts
   788 | D:1      | Learned a level 3 spell: Ozocubu's Armour
  1965 | D:2      | Reached XP level 4. HP: 19/24 MP: 6/12
  2040 | D:2      | Found a broken altar of Ashenzari.
  2704 | D:3      | Reached skill level 6 in Ice Magic
  2729 | D:3      | Reached XP level 5. HP: 15/28 MP: 4/13
  3819 | D:4      | Found a bloodstained altar of Trog.
  3852 | D:4      | Reached skill level 5 in Spellcasting
  3857 | D:4      | Found a burning altar of Makhleb.
  3878 | D:4      | Reached skill level 7 in Ice Magic
  3971 | D:4      | Reached XP level 6. HP: 25/32 MP: 10/16
  4203 | D:5      | Entered Level 5 of the Dungeon
  4204 | D:5      | Found Tuciubess's Weapon Shop.
  4241 | D:5      | Noticed a sky beast
  4257 | D:5      | Killed a sky beast
  4258 | D:5      | Reached skill level 8 in Ice Magic
  4258 | D:5      | Reached XP level 7. HP: 17/36 MP: 11/18
  4284 | D:5      | Identified the +0 ice dragon scales of Conscience {rF- rC++
                  | Str+4 Stlth+}
  4326 | D:5      | Identified the +8 hand axe of Classification {freeze, rN+}
  4342 | D:5      | Learned a level 4 spell: Hailstorm
  4486 | D:5      | Noticed Duvessa
  4486 | D:5      | Noticed Dowan
  4494 | D:5      | Killed Duvessa
  4495 | D:5      | Reached skill level 1 in Conjurations
  4499 | D:5      | Killed Dowan
  4578 | D:5      | Noticed Edmund
  4609 | D:5      | Killed Edmund
  4616 | D:5      | Reached skill level 9 in Ice Magic
  4859 | D:6      | Noticed Blork the orc
  4870 | D:6      | HP: 1/36 [Blork the orc/puff of flame (7)]
  4871 | D:6      | Killed Blork the orc
  4872 | D:6      | Reached XP level 8. HP: 3/41 MP: 18/20
  5385 | D:7      | Reached skill level 10 in Ice Magic
  5478 | D:7      | Reached XP level 9. HP: 36/45 MP: 23/23
  5484 | D:7      | Learned a level 5 spell: Lightning Bolt
  5514 | D:7      | Reached skill level 5 in Conjurations
  5518 | D:7      | Found a staircase to the Ecumenical Temple.
  5547 | Temple   | Entered the Ecumenical Temple
  5558 | Temple   | Became a worshipper of Sif Muna the Loreminder
  5735 | D:7      | Noticed a boulder beetle
  5750 | D:7      | Mangled by a boulder beetle

Illustrated notes

Levels and vault maps discovered:
D:1:      dpeg_arrival_court, layout_basic, shapermc_ecumenical_altar_gd
D:2:      layout_loops_ring, basic_altar, minmay_misc_feat_alley,
          minmay_domino_4
D:3:      layout_loops_cross, serial_bayou_pond_a
D:4:      layout_rooms, mainiacjoe_overflow_catch_the_wave
D:5:      dreamdust_elfheim, layout_rooms, nicolae_stop_n_shop_2, uniq_edmund
D:6:      layout_rooms, minivault_19, uniq_blork_the_orc
D:7:      layout_basic, minmay_temple_entry_mist, gammafunk_ghost_cemetery,
          minmay_misc_feat_chi
Temple:   regret_index_temple_chain_breaker

Skill      XL: |  1  2  3  4  5  6  7  8  9 |
---------------+----------------------------+-----
Ice Magic      | 5 6 7 8 9 10 | 10.8
Spellcasting   | 4 5 6 7 8 |  8.7
Conjurations   | 2 4 5 |  5.1
Dodging        | |  2.4
Stealth        | |  2.4
Air Magic      | |  0.9

Action                   |  1- 3 |  4- 6 |  7- 9 || total
-------------------------+-------+-------+-------++-------
Melee: Unarmed           |     1 |       |       ||     1
       Rapier            |     4 |     1 |       ||     5
       Dagger            |     1 |       |       ||     1
       Spear             |       |     4 |       ||     4
       Hand axe          |       |       |    94 ||    94
Throw: Dart              |       |       |     6 ||     6
 Cast: Freeze            |    57 |    75 |     7 ||   139
       Frozen Ramparts   |       |     7 |    15 ||    22
       Ozocubu's Armour  |       |     1 |     2 ||     3
  Use: Scroll            |     2 |     7 |       ||     9
       Potion            |       |       |     1 ||     1
 Stab: Sleeping          |     1 |       |     3 ||     4
Armor: Robe              |    15 |    10 |    28 ||    53
Dodge: Dodged            |    19 |    46 |    71 ||   136

Table legend: (Time is in decaauts)
 A = Elapsed time spent in this place.
 B = Non-inter-level travel time spent in this place.
 C = Inter-level travel time spent in this place.
 D = Time resting spent in this place.
 E = Time spent auto-exploring this place.
 F = Levels seen in this place.
 G = Mean time per level.
                   A        B        C        D        E       F      G
               +--------+--------+--------+--------+--------+-----+--------+
         Total |   5786 |   5624 |    162 |    256 |   3842 |   8 |  723.2 |
       Dungeon |   5764 |   5602 |    162 |    256 |   3841 |   7 |  823.4 |
        Temple |     21 |     21 |      0 |      0 |      1 |   1 |   21.0 |
               +--------+--------+--------+--------+--------+-----+--------+

Top non-repeatable levels by time:
     D:1: 1604 daAuts
     D:3: 989 daAuts
     D:2: 984 daAuts
     D:4: 623 daAuts
     D:5: 598 daAuts
     D:6: 560 daAuts
     D:7: 405 daAuts
  Temple: 21 daAuts
